 Dungeon Crawl Stone Soup version 0.18-a0-775-g4d9e04e (webtiles) character file.

112 JokEr the Skirmisher (level 4, -2/41 HPs)
             Began as a Draconian Fighter on Dec 13, 2015.
             Slain by an orc
             ... wielding a +0 flail
              (3 damage)
             ... on level 3 of the Dungeon.
             The game lasted 00:02:38 (1962 turns).

JokEr the Skirmisher (Draconian Fighter)            Turns: 1962, Time: 00:02:38

Health: -2/41      AC:  5    Str: 19    XL:     4   Next: 64%
Magic:  4/4        EV: 10    Int:  9    God:
Gold:   84         SH:  9    Dex: 10    Spells: 0 memorised, 3 levels left

rFire  . . .     SeeInvis .     a - +0 long sword
rCold  . . .     Clarity  .     (armour unavailable)
rNeg   . . .     SustAt   .     b - +0 shield
rPois  .         Gourm    .     (helmet restricted)
rElec  .         Spirit   .     (no cloak)
rCorr  .         Dismiss  .     (no gloves)
rMut   .         Stasis   .     (no boots)
MR     .....                    (no amulet)
Stlth  +.........               (no ring)
                                (no ring)

@: lethally poisoned (-2 -> -19), not resistant to hostile enchantments, very
unstealthy
A: unfitting armour, cold-blooded, AC +5
a: no special abilities


You were on level 3 of the Dungeon.
You were not hungry.

You visited 1 branch of the dungeon, and saw 3 of its levels.

You collected 84 gold pieces.

Inventory:

Hand Weapons
 a - a +0 long sword (weapon)
Armour
 b - a +0 shield (worn)
Wands
 r - a wand of teleportation (4)
Scrolls
 e - a scroll of remove curse {unknown}
 h - 2 scrolls of teleportation {unknown}
 i - a scroll of blinking {unknown}
 j - a scroll of fear {unknown}
 k - a scroll of recharging {unknown}
 l - a scroll of enchant weapon {unknown}
 m - a scroll of magic mapping {unknown}
 s - a scroll of immolation {unknown}
Potions
 c - a potion of might
 f - a potion of mutation {unknown}
 n - a potion of brilliance {unknown}
 o - a potion of beneficial mutation {unknown}
 p - a potion of lignification {unknown}
 q - 2 potions of heal wounds {unknown}
Comestibles
 d - a bread ration
 g - 2 meat rations


   Skills:
 + Level 4.9 Fighting
 + Level 3.6 Long Blades
 - Level 2.6 Dodging
 - Level 3.0 Shields


You had 3 spell levels left.
You didn't know any spells.

Dungeon Overview and Level Annotations

Branches:
Dungeon (3/15)

Altars:


Innate Abilities, Weirdness & Mutations

Your plain brown scales are hard (AC +5).
Your body does not fit into most forms of armour.
You are cold-blooded and may be slowed by cold attacks.


Message History

The orc wizard casts a spell.
The orc wizard flickers and vanishes!
Deactivating autopickup; reactivate with Ctrl-A.
You hit something. You tail-slap something.
You feel sick. Something hits you.
You closely miss the orc.
You feel sick. The orc hits you with a flail! Something hits you.
* * * LOW HITPOINT WARNING * * *
You are lethally poisoned!
You closely miss the orc.
* * * LOW HITPOINT WARNING * * *
You feel sick. The orc hits you with a flail.
* * * LOW HITPOINT WARNING * * *
Something hits you but does no damage.
You are more poisoned.
You hit something.
* * * LOW HITPOINT WARNING * * *
You feel sick. The orc hits you with a flail.
* * * LOW HITPOINT WARNING * * *
You block its attack. The orc hits you with a flail.
You die...

. .# ....... .#
...... .#
#....o##?#
##...##..######
#.....)........
#.## #.##.#
.....##.##o#
#......{@#
#.###.#### #.#
#.# #.# #.#
#### #.# ...#
#.# ##.# #.#


You could see an orc.

Vanquished Creatures
  Natasha (thrice) (D:2)
  2 adders
  An ooze (D:1)
  A worm (D:2)
  A giant gecko (D:1)
  2 orcs (D:3)
  2 giant cockroaches
  10 hobgoblins
  3 jackals (D:1)
  8 kobolds
  A ball python (D:1)
  5 bats (D:1)
  6 goblins
  3 rats (D:1)
48 creatures vanquished.

Notes
Turn   | Place    | Note
--------------------------------------------------------------
     0 | D:1      | JokEr the Draconian Fighter began the quest for the Orb.
     0 | D:1      | Reached XP level 1. HP: 19/19 MP: 1/1
   257 | D:1      | Reached XP level 2. HP: 25/27 MP: 2/2
   498 | D:1      | Reached skill level 4 in Fighting
   828 | D:1      | Reached XP level 3. HP: 28/33 MP: 3/3
  1115 | D:1      | You fall through a shaft!
  1168 | D:2      | Noticed Natasha
  1172 | D:2      | Killed Natasha
  1273 | D:2      | Noticed Natasha
  1277 | D:2      | Killed Natasha
  1277 | D:2      | Reached XP level 4. HP: 41/41 MP: 4/4
  1474 | D:2      | Noticed Natasha
  1481 | D:2      | Killed Natasha
  1962 | D:3      | HP: 2/41 [poisoned by an orc wizard]
  1962 | D:3      | Slain by an orc

Vault maps used:
D:1:      dpeg_arrival_rooms_b, hex_tiny
D:2:      minmay_misc_feat_nine_boxes, uniq_natasha
D:3:      uniq_crazy_yiuf_cottage, uniq_grinder

Action                   |  1- 3 |  4- 6 || total
-------------------------+-------+-------++-------
Melee: Long sword        |    85 |    47 ||   132
  Eat: Chunk             |     1 |       ||     1
       Bread ration      |       |     1 ||     1
